 Dungeon Crawl Stone Soup version 0.21-a0-331-gfb491b4 (webtiles) character file.

9 vishdafish the Charmwright (level 2, 0/22 HPs)
             Began as a Demonspawn Skald on Oct 2, 2017.
             Slain by a bat (1 damage)
             ... on level 1 of the Dungeon.
             The game lasted 00:00:55 (128 turns).

vishdafish the Charmwright (Demonspawn Skald)        Turns: 128, Time: 00:00:56

Health: 0/22       AC:  3    Str: 11    XL:     2   Next: 3%
Magic:  5/5        EV: 11    Int: 14    God:
Gold:   13         SH:  4    Dex: 12    Spells: 4/5 levels left

rFire    . . .     SeeInvis .   a - +0 spear
rCold    . . .     Gourm    .   (no shield)
rNeg     . . .     Faith    .   b - +0 leather armour
rPois    .         Spirit   .   (no helmet)
rElec    .         Reflect  .   (no cloak)
rCorr    .         Harm     .   (no gloves)
MR       .....                  (no boots)
Stlth    +.........             (no amulet)
HPRegen  0.07/turn              (no ring)
MPRegen  0.09/turn              (no ring)

@: no status effects
A: large bone plates 1
a: no special abilities


You were on level 1 of the Dungeon.
You were not hungry.

You visited 1 branch of the dungeon, and saw 1 of its levels.

You collected 13 gold pieces.

Inventory:

Hand Weapons
 a - a +0 spear (weapon)
Armour
 b - a +0 leather armour (worn)
Books
 c - a book of Battle

   Spells                             Type                      Level
   a - Infusion                       Charms                       1
   b - Shroud of Golubria             Charms/Translocation         2
   c - Song of Slaying                Charms                       2
   d - Spectral Weapon                Hexes/Charms                 3
   e - Regeneration                   Charms/Necromancy            3
Comestibles
 d - a bread ration


   Skills:
 - Level 2.1 Fighting
 * Level 1.9 Polearms
 + Level 0.9 Armour
 + Level 1.7 Dodging
 - Level 2.1 Spellcasting
 - Level 3.0 Charms


You had 4 spell levels left.
You knew the following spells:

 Your Spells              Type           Power        Failure   Level  Hunger
a - Infusion              Chrm           #...         9%          1    ##.....


Dungeon Overview and Level Annotations

Branches:
Dungeon (1/15)

Altars:


Innate Abilities, Weirdness & Mutations

You are partially covered in large bone plates. (SH +4)


Message History

Found 10 gold pieces.
You aren't carrying any potions.
Evoke which item? (* to show all) (? for menu, Esc to quit)
Okay, then.
Okay, then.
The kobold hits you with a dagger.
* * * LOW HITPOINT WARNING * * *
You block the bat's attack. The kobold hits you with a dagger.
* * * LOW HITPOINT WARNING * * *
The goblin hits you but does no damage. The bat closely misses you.
The bat hits you but does no damage. The goblin hits you but does no damage.
The kobold hits you.
* * * LOW HITPOINT WARNING * * *
A kobold comes into view. It is wielding a short sword.
The bat barely misses you.
The kobold throws a stone.
The stone hits you.
* * * LOW HITPOINT WARNING * * *
You see here a stone.
The bat barely misses you. The bat hits you.
You die...

#..........##...##
......#......##.##
.......#.......#### #####
..................##....#
......b#.K.............$#
............g.........#
..####..#..gKK.##....# .#
##.##b##### ....# #. #@#
....# .. #.# ##### #.#
..# .## ##


You could see 2 goblins and a bat.

Vanquished Creatures
  A dart slug (D:1)
  A bat (D:1)
  A giant cockroach (D:1)
  A goblin (D:1)
  A hobgoblin (D:1)
  A rat (D:1)
6 creatures vanquished.

Notes
Turn   | Place    | Note
-------+----------+-------------------------------------------
     0 | D:1      | vishdafish the Demonspawn Skald began the quest for the Orb.
     0 | D:1      | Reached XP level 1. HP: 16/16 MP: 3/3
    92 | D:1      | Reached skill level 3 in Charms
    92 | D:1      | Gained mutation: You are partially covered in large bone plates. (SH +4) [demonic ancestry]
    92 | D:1      | Reached XP level 2. HP: 4/22 MP: 5/5
   126 | D:1      | HP: 1/22 [kobold/stone (1)]
   128 | D:1      | Slain by a bat

Vault maps used:
D:1:      dpeg_arrival_rhombi, minmay_close_crescents

Skill      XL: |  1 |
---------------+----+-----
Charms         | 3 |  3.0
Fighting       | |  2.1
Polearms       | |  1.9
Armour         | |  0.9
Dodging        | |  1.7
Spellcasting   | |  2.1

Action                   || total
-------------------------++-------
Melee: Spear             ||    20
 Cast: Infusion          ||     1
Armor: Leather armour    ||    11
Dodge: Dodged            ||    31
Block: Other             ||     1

Table legend:
 A = Spawn XP
 B = Non-spawn XP
 C = Spawn XP percentage of total XP
 D = Spawn monster count
 E = Non-spawn monster count
 F = Spawn count percentage of total count
 G = Total turns spent on level
                    A         B        C        D         E        F      G
               +---------+---------+-------+---------+---------+-------+---------
         Total |       0 |      13 |   0.0 |       0 |       6 |   0.0 |   128
               +---------+---------+-------+---------+---------+-------+---------
           D:1 |       0 |      13 |   0.0 |       0 |       6 |   0.0 |   128
               +---------+---------+-------+---------+---------+-------+---------
